 Dungeon Crawl Stone Soup version 0.30.0-29-ga12c61a403 (webtiles) character file.

Game seed: 539220224749468871

158 Graphine the Trooper (level 5, -7/47 HPs)
             Began as a Hill Orc Fighter on June 20, 2023.
             Succumbed to a gnoll's poison
             ... on level 2 of the Dungeon.
             The game lasted 00:02:14 (1162 turns).

Graphine the Trooper (Hill Orc Fighter)             Turns: 1162, Time: 00:02:14

Health: -7/47      AC: 11    Str: 19 (21) XL:     5   Next: 39%
Magic:  6/6        EV:  5    Int:  5 (8)  God:
Gold:   61         SH:  4    Dex:  9 (10) Spells: 4/4 levels left

rFire   . . .        a - +0 war axe
rCold   . . .        c - +0 buckler
rNeg    . . .        l - +0 plate armour
rPois   .            (no helmet)
rElec   .            (no cloak)
rCorr   .            (no gloves)
SInv    .            (no boots)
Will    .....        (no amulet) Stlth
                     (no ring)
HPRegen 0.27/turn    (no ring)
MPRegen 0.10/turn

%: no passive effects
@: lethally poisoned (-7 -> -32)
A: inability to read after injury 1
a: no special abilities


You were on level 2 of the Dungeon.
You visited 1 branch of the dungeon, and saw 2 of its levels.

You collected 61 gold pieces.

Inventory:

Hand Weapons
 a - a +0 war axe (weapon)
Armour
 c - a +0 buckler (worn)
 l - a +0 plate armour (worn)
Potions
 d - a potion of might
 f - 2 potions of flight
 j - a potion of brilliance


   Skills:
 + Level 4.5 Fighting
 + Level 3.9 Axes
 + Level 4.1 Armour
 + Level 4.1 Shields
 + Level 2.6 Invocations


You had 4 spell levels left.
You didn't know any spells.
Your spell library contained the following spells:

 Spells                   Type           Power      Damage    Failure   Level
 Sandblast                Erth           0%         2d4       100%        1
 Passwall                 Tmut/Erth      0%         N/A       100%        2
 Stone Arrow              Conj/Erth      0%         3d7       100%        3


Dungeon Overview and Level Annotations

Branches:
Dungeon (2/15)

Altars:


Innate Abilities, Weirdness & Mutations

You occasionally lose the ability to read scrolls when taking damage.


Message History

The gnoll hits you but does no damage.
You are more poisoned.
You slash the goblin!
You kill the goblin!
You feel very sick. The gnoll hits you but does no damage.
You are more poisoned.
You feel very sick.
The gnoll hits you with a +0 spear of venom.
You are lethally poisoned!
Things that are here:
a +0 whip; a gnoll corpse You hit the gnoll.
The gnoll is moderately wounded.
You feel extremely sick. The gnoll barely misses you.
You are too injured to fight recklessly!
You closely miss the gnoll.
The gnoll is moderately wounded.
* * * LOW HITPOINT WARNING * * *
You feel extremely sick. You block the gnoll's attack.
The gnoll barely misses you.
It was a potion of mutation.
You feel extremely strange.
You occasionally lose the ability to read scrolls when taking damage.
* * * LOW HITPOINT WARNING * * *
You feel very sick. You block the gnoll's attack.
It was a potion of degeneration.
There was something very wrong with that liquid.
You feel weakened.
You feel dopey.
You feel clumsy.
* * * LOW HITPOINT WARNING * * *
You feel very sick.
The gnoll hits you with a +0 spear of venom.
* * * LOW HITPOINT WARNING * * *
You are more poisoned.
An endoplasm comes into view.
You aren't carrying any scrolls.
You barely miss the gnoll.
The gnoll is moderately wounded.
You die...

### ###.. ### #.... #
##### ##.. #.#.# .. ....
.....#######.#.# ... ..#
.............#.# #.J###.#
.##.##.........#
#.....)##g##.##.###......
#....).@.##.##.# #)#####
#####.####...#.###.#
#...)..#.......#
#.####...#.##### #.#
##.##.# .^# #.##.# ##.#
#....# ..# ####.# #.. ..#


You could see a gnoll and an endoplasm (wandering).

Vanquished Creatures
  A scorpion (D:2)
  Jessica (D:2)
  2 gnolls (D:2)
  A dart slug (D:2)
  4 ball pythons
  2 bats (D:1)
  3 endoplasms
  4 giant cockroaches
  9 goblins
  3 hobgoblins (D:1)
  4 kobolds
  5 quokkas
  5 rats (D:1)
44 creatures vanquished.

Notes
Turn   | Place    | Note
-------+----------+-------------------------------------------
     0 | D:1      | Graphine the Hill Orc Fighter began the quest for the Orb.
     0 | D:1      | Reached XP level 1. HP: 19/19 MP: 1/1
   110 | D:1      | Reached XP level 2. HP: 27/27 MP: 2/2
   189 | D:1      | Reached skill level 1 in Invocations
   272 | D:1      | Found a faded altar of an unknown god.
   569 | D:1      | Reached XP level 3. HP: 33/33 MP: 3/3
   948 | D:2      | Noticed Jessica
   955 | D:2      | Killed Jessica
   956 | D:2      | Reached XP level 4. HP: 30/40 MP: 5/5
   964 | D:2      | Noticed a scorpion
   974 | D:2      | Killed a scorpion
   975 | D:2      | Reached XP level 5. HP: 37/47 MP: 6/6
  1160 | D:2      | Gained mutation: You occasionally lose the ability to read
                  | scrolls when taking damage. [potion of mutation]
  1161 | D:2      | HP: 1/47 [gnoll/+0 spear of venom (6)]
  1162 | D:2      | Succumbed to a gnoll's poison

Illustrated notes

Levels and vault maps discovered:
D:1:      mainiacjoe_arrival_reflecting_pool, layout_loops_corners,
          hellmonk_ecumenical_altar_heavens_door
D:2:      layout_loops_ring, serial_shops, shop, uniq_jessica

Skill      XL: |  1  2  3  4 |
---------------+-------------+-----
Axes           | 3 |  3.9
Invocations    | 1 2 |  2.6
Fighting       | 4 |  4.5
Armour         | 4 |  4.1
Shields        | 4 |  4.1

Action                     |  1- 3 |  4- 6 || total
---------------------------+-------+-------++-------
  Melee: War axe           |    86 |    31 ||   117
    Use: Scroll            |     3 |       ||     3
         Potion            |       |     2 ||     2
 Armour: Scale mail        |    22 |       ||    22
         Chain mail        |    21 |       ||    21
         Plate armour      |    10 |    24 ||    34
  Dodge: Dodged            |    32 |     9 ||    41
  Block: Buckler           |    20 |     7 ||    27
